TOP OF THE 1ST |
Montreal Exports batting - Pitching for Dallas Drillers : LHP Edgar Kozlowski
|
Pitching: LHP Edgar Kozlowski
|
|
Batting: LHB Teddy Burch
|
0-0: Ball 1-0: Called Strike 1-1: Ground out 4-3 (Groundball, 34D, EV 105.6 MPH)
|
Batting: RHB Andy Christman
|
0-0: Ball 1-0: Ball 2-0: SOLO HOME RUN (Flyball, 7LD, EV 96.2 MPH), Distance : 338 ft
|
Batting: RHB Henry Miller
|
0-0: Ball 1-0: Called Strike 1-1: Swinging Strike 1-2: Fly out, F7 (Flyball, 78M, EV 90.0 MPH)
|
Batting: RHB Eli Tracy
|
0-0: Called Strike 0-1: Ball 1-1: SOLO HOME RUN (Flyball, 7D, EV 95.0 MPH), Distance : 367 ft
|
Batting: RHB Vincent Manning
|
0-0: Called Strike 0-1: Swinging Strike 0-2: Ball 1-2: DOUBLE (Line Drive, 9LD, EV 107.5 MPH)
|
Batting: RHB Derell Machuca
|
0-0: Called Strike 0-1: SINGLE (Groundball, 4MD, EV 95.6 MPH) Vincent Manning to third Runner from 3rd tries for Home, throw by CF and OUT! 8-2
|
Top of the 1st over - 2 runs, 4 hits, 0 errors, 1 left on base; Montreal 2 - Dallas 0 |
BOTTOM OF THE 1ST |
Dallas Drillers batting - Pitching for Montreal Exports : RHP Dylan Montgomery
|
Pitching: RHP Dylan Montgomery
|
|
Batting: RHB Walt Dutro
|
0-0: Called Strike 0-1: Foul Ball, location: 2F 0-2: Foul Ball, location: 2F 0-2: Ground out 5-3 (Groundball, 56D, EV 79.4 MPH)
|
Batting: RHB Hayden Cornett
|
0-0: Fly out, F7 (Line Drive, 78M, EV 98.1 MPH)
|
Batting: LHB Erik Dockery
|
0-0: Foul Ball, location: 2F 0-1: Called Strike 0-2: Ball 1-2: Strikes out swinging
|
Bottom of the 1st over - 0 runs, 0 hits, 0 errors, 0 left on base; Montreal 2 - Dallas 0 |
TOP OF THE 2ND |
Montreal Exports batting - Pitching for Dallas Drillers : LHP Edgar Kozlowski
|
Batting: RHB Camron Rispoli
|
0-0: Ground out U3 (Groundball, 34S, EV 84.4 MPH)
|
Batting: RHB Cody Henning
|
0-0: Called Strike 0-1: Ball 1-1: Swinging Strike 1-2: Foul Ball, location: 2F 1-2: Foul Ball, location: 2F 1-2: Ground out U3 (Groundball, 3D, EV 104.4 MPH)
|
Batting: RHB Lucas Anderson
|
0-0: Ball 1-0: Ball 2-0: Foul Ball, location: 2F 2-1: Ground out 5-3 (Groundball, 5L, EV 106.2 MPH)
|
Top of the 2nd over - 0 runs, 0 hits, 0 errors, 0 left on base; Montreal 2 - Dallas 0 |
BOTTOM OF THE 2ND |
Dallas Drillers batting - Pitching for Montreal Exports : RHP Dylan Montgomery
|
Batting: LHB Damon Casebier
|
0-0: Ball 1-0: Foul Ball, location: 2F 1-1: Ball 2-1: Foul Ball, location: 2F 2-2: Foul Ball, location: 2F 2-2: Ground out 4-3 (Groundball, 4, EV 86.9 MPH)
|
Batting: LHB Josh Plautz
|
0-0: Ball 1-0: Ball 2-0: Swinging Strike 2-1: Swinging Strike 2-2: Foul Ball, location: 2F 2-2: Strikes out looking
|
Batting: RHB Wyatt McKenney
|
0-0: Swinging Strike 0-1: Ball 1-1: Fly out, F9 (Flyball, 9LS, EV 83.8 MPH)
|
Bottom of the 2nd over - 0 runs, 0 hits, 0 errors, 0 left on base; Montreal 2 - Dallas 0 |
TOP OF THE 3RD |
Montreal Exports batting - Pitching for Dallas Drillers : LHP Edgar Kozlowski
|
Batting: LHB Teddy Burch
|
0-0: Ball 1-0: Swinging Strike 1-1: Fly out, F4 (Popup, 4D, EV 66.2 MPH)
|
Batting: RHB Andy Christman
|
0-0: Foul Ball, location: 2F 0-1: Fly out, F6 (Flyball, 56D, EV 91.9 MPH)
|
Batting: RHB Henry Miller
|
0-0: Ball 1-0: Ball 2-0: Swinging Strike 2-1: Called Strike 2-2: Foul Ball, location: 2F 2-2: Foul Ball, location: 2F 2-2: Foul Ball, location: 2F 2-2: SINGLE (Groundball, 6MD, EV 106.9 MPH)
|
Batting: RHB Eli Tracy
|
0-0: Called Strike 0-1: Ball 1-1: Foul Ball, location: 2F 1-2: Ball Henry Miller steals 2nd base 2-2: Strikes out looking
|
Top of the 3rd over - 0 runs, 1 hit, 0 errors, 1 left on base; Montreal 2 - Dallas 0 |
BOTTOM OF THE 3RD |
Dallas Drillers batting - Pitching for Montreal Exports : RHP Dylan Montgomery
|
Batting: RHB Logan Kedzie
|
0-0: Called Strike 0-1: Ground out 6-3 (Groundball, 6, EV 104.4 MPH)
|
Batting: LHB Troy Peek
|
0-0: Called Strike 0-1: Swinging Strike 0-2: Ball 1-2: Ball 2-2: Foul Ball, location: 2F 2-2: Strikes out swinging
|
Batting: RHB Latif Won
|
0-0: Foul Ball, location: 2F 0-1: Foul Ball, location: 2F 0-2: Ball 1-2: Strikes out looking
|
Bottom of the 3rd over - 0 runs, 0 hits, 0 errors, 0 left on base; Montreal 2 - Dallas 0 |
TOP OF THE 4TH |
Montreal Exports batting - Pitching for Dallas Drillers : LHP Edgar Kozlowski
|
Batting: RHB Vincent Manning
|
0-0: Called Strike 0-1: Ball 1-1: Fly out, F9 (Flyball, 9LM, EV 101.2 MPH)
|
Batting: RHB Derell Machuca
|
0-0: Ball 1-0: Ball 2-0: Foul Ball, location: 2F 2-1: Ball 3-1: Called Strike 3-2: Foul Ball, location: 2F 3-2: Foul Ball, location: 2F 3-2: Fly out, F7 (Line Drive, 7, EV 86.2 MPH)
|
Batting: RHB Camron Rispoli
|
0-0: Called Strike 0-1: SINGLE (Line Drive, 56D, EV 96.2 MPH)
|
Batting: RHB Cody Henning
|
0-0: Called Strike 0-1: Ball 1-1: Fielders Choice at 2nd, U4 (Groundball, 4M, EV 81.2 MPH)
|
Top of the 4th over - 0 runs, 1 hit, 0 errors, 1 left on base; Montreal 2 - Dallas 0 |
BOTTOM OF THE 4TH |
Dallas Drillers batting - Pitching for Montreal Exports : RHP Dylan Montgomery
|
Batting: RHB Walt Dutro
|
0-0: Called Strike 0-1: Swinging Strike 0-2: Ball 1-2: Foul Ball, location: 2F 1-2: Strikes out swinging
|
Batting: RHB Hayden Cornett
|
0-0: Ball 1-0: Ball 2-0: Called Strike 2-1: Ball 3-1: Base on Balls
|
Batting: LHB Erik Dockery
|
0-0: Called Strike 0-1: Ball 1-1: Grounds into double play, 1-4-3 (Groundball, 15S, EV 68.8 MPH)
|
Bottom of the 4th over - 0 runs, 0 hits, 0 errors, 0 left on base; Montreal 2 - Dallas 0 |
TOP OF THE 5TH |
Montreal Exports batting - Pitching for Dallas Drillers : LHP Edgar Kozlowski
|
Batting: RHB Lucas Anderson
|
0-0: Called Strike 0-1: Reached on error, E6 (Groundball, 6, EV 101.2 MPH)
|
Batting: LHB Teddy Burch
|
0-0: Foul Ball, location: 2F 0-1: Ball 1-1: Ball 2-1: Fielders Choice at 2nd, 6-4 (Groundball, 56, EV 102.5 MPH)
|
Batting: RHB Andy Christman
|
0-0: Foul Ball, location: 2F 0-1: Ball 1-1: Ball 2-1: SINGLE (Flyball, 5D, EV 91.2 MPH) Teddy Burch to second
|
Batting: RHB Henry Miller
|
0-0: Swinging Strike 0-1: Ball 1-1: Fly out, F9 (Line Drive, 9, EV 99.4 MPH)
|
Batting: RHB Eli Tracy
|
0-0: Foul Ball, location: 2F 0-1: Called Strike 0-2: Foul Ball, location: 2F 0-2: Fly out, F9 (Line Drive, 9, EV 106.9 MPH)
|
Top of the 5th over - 0 runs, 1 hit, 1 error, 2 left on base; Montreal 2 - Dallas 0 |
BOTTOM OF THE 5TH |
Dallas Drillers batting - Pitching for Montreal Exports : RHP Dylan Montgomery
|
Batting: LHB Damon Casebier
|
0-0: Foul Ball, location: 2F 0-1: Fly out, F9 (Flyball, 89XD, EV 97.5 MPH)
|
Batting: LHB Josh Plautz
|
0-0: Ball 1-0: Foul Ball, location: 2F 1-1: Foul Ball, location: 2F 1-2: Foul Ball, location: 2F 1-2: Foul Ball, location: 2F 1-2: Ball 2-2: Strikes out swinging
|
Batting: RHB Wyatt McKenney
|
0-0: Ball 1-0: Ball 2-0: Foul Ball, location: 2F 2-1: Fly out, F4 (Flyball, 4MD, EV 94.4 MPH)
|
Bottom of the 5th over - 0 runs, 0 hits, 0 errors, 0 left on base; Montreal 2 - Dallas 0 |
TOP OF THE 6TH |
Montreal Exports batting - Pitching for Dallas Drillers : LHP Edgar Kozlowski
|
Batting: RHB Vincent Manning
|
0-0: Called Strike 0-1: Foul Ball, location: 2F 0-2: Strikes out looking
|
Pitching: RHP Chase Kunstman
|
|
Batting: RHB Derell Machuca
|
0-0: Called Strike 0-1: Ball 1-1: Ball 2-1: Swinging Strike 2-2: Foul Ball, location: 2F 2-2: Ball 3-2: Foul Ball, location: 2F 3-2: Base on Balls
|
Batting: RHB Camron Rispoli
|
0-0: Ball 1-0: Foul Ball, location: 2F 1-1: Ball 2-1: Called Strike 2-2: Foul Ball, location: 2F 2-2: Ball 3-2: Strikes out looking
|
Batting: RHB Cody Henning
|
0-0: DOUBLE (Line Drive, 5D, EV 97.5 MPH) Derell Machuca to third Runner from 3rd tries for Home, SAFE, no throw by LF
|
Batting: RHB Lucas Anderson
|
0-0: Ball 1-0: Fly out, F9 (Flyball, 89M, EV 91.9 MPH)
|
Top of the 6th over - 1 run, 1 hit, 0 errors, 1 left on base; Montreal 3 - Dallas 0 |
BOTTOM OF THE 6TH |
Dallas Drillers batting - Pitching for Montreal Exports : RHP Dylan Montgomery
|
Batting: RHB Logan Kedzie
|
0-0: Ball 1-0: SINGLE (Line Drive, 56, EV 95.0 MPH)
|
Batting: LHB Troy Peek
|
0-0: Called Strike Logan Kedzie steals 2nd base 0-1: SINGLE (Groundball, 25, EV 75.6 MPH) (infield hit) Logan Kedzie to third
|
Batting: RHB Latif Won
|
0-0: SINGLE (Line Drive, 7S, EV 108.8 MPH) Logan Kedzie scores Troy Peek to second
|
Batting: RHB Walt Dutro
|
0-0: Ball 1-0: 3-RUN HOME RUN (Flyball, 7LD, EV 93.1 MPH), Distance : 351 ft
|
Batting: RHB Hayden Cornett
|
0-0: Ball 1-0: Foul Ball, location: 2F 1-1: Ball 2-1: Foul Ball, location: 2F 2-2: Strikes out looking
|
Batting: LHB Erik Dockery
|
0-0: Called Strike 0-1: Ground out 4-3 (Groundball, 34, EV 108.1 MPH)
|
Batting: LHB Damon Casebier
|
0-0: Fly out, F7 (Flyball, 7, EV 81.9 MPH)
|
Bottom of the 6th over - 4 runs, 4 hits, 0 errors, 0 left on base; Montreal 3 - Dallas 4 |
TOP OF THE 7TH |
Montreal Exports batting - Pitching for Dallas Drillers : RHP Chase Kunstman
|
Batting: LHB Teddy Burch
|
0-0: Ball 1-0: Ball 2-0: Swinging Strike 2-1: Foul Ball, location: 2F 2-2: Foul Ball, location: 2F 2-2: Ball 3-2: Ground out 4-3 (Groundball, 34, EV 103.1 MPH)
|
Batting: RHB Andy Christman
|
0-0: Called Strike 0-1: Ball 1-1: Ball 2-1: Foul Ball, location: 2F 2-2: Strikes out swinging
|
Batting: RHB Henry Miller
|
0-0: Called Strike 0-1: Swinging Strike 0-2: Strikes out looking
|
Top of the 7th over - 0 runs, 0 hits, 0 errors, 0 left on base; Montreal 3 - Dallas 4 |
BOTTOM OF THE 7TH |
Dallas Drillers batting - Pitching for Montreal Exports : RHP Dylan Montgomery
|
Batting: LHB Josh Plautz
|
0-0: Ball 1-0: Foul Ball, location: 2F 1-1: Ball 2-1: Foul Ball, location: 2F 2-2: Ball 3-2: Strikes out swinging
|
Pitching: RHP Brad Zook
|
|
Batting: RHB Wyatt McKenney
|
0-0: Called Strike 0-1: Fly out, F7 (Flyball, 7LMF, EV 96.2 MPH)
|
Batting: RHB Logan Kedzie
|
0-0: Ball 1-0: Foul Ball, location: 2F 1-1: Ball 2-1: Foul Ball, location: 2F 2-2: Ball 3-2: Strikes out swinging
|
Bottom of the 7th over - 0 runs, 0 hits, 0 errors, 0 left on base; Montreal 3 - Dallas 4 |
TOP OF THE 8TH |
Montreal Exports batting - Pitching for Dallas Drillers : RHP Chase Kunstman
|
Batting: RHB Eli Tracy
|
0-0: Ball 1-0: Ball 2-0: Ball 3-0: Called Strike 3-1: Base on Balls
|
Pitching: LHP J.R. Mauger
|
|
Batting: RHB Vincent Manning
|
0-0: Ball 1-0: Ball 2-0: Ball 3-0: SINGLE (Groundball, 56D, EV 96.9 MPH) Eli Tracy to second
|
Batting: RHB Derell Machuca
|
0-0: Ball 1-0: Foul Ball, location: 2F 1-1: Called Strike 1-2: SINGLE (Groundball, 6S, EV 66.9 MPH) (infield hit) Eli Tracy to third Vincent Manning to second
|
Batting: RHB Camron Rispoli
|
0-0: Called Strike 0-1: Fly out, F8 (Flyball, 8LS, EV 87.5 MPH)
|
Pitching: RHP Jesse Bednarz
|
|
Batting: RHB Cody Henning
|
0-0: Ball 1-0: Ball 2-0: Foul Ball, location: 2F 2-1: Called Strike 2-2: Foul Ball, location: 2F 2-2: Foul Ball, location: 2F 2-2: Ball 3-2: Foul Ball, location: 2F 3-2: Strikes out swinging
|
Pinch Hitting: LHB Dimitri Mallard
|
0-0: Ball 1-0: Called Strike 1-1: Foul Ball, location: 2F 1-2: Fly out, F7 (Flyball, 78M, EV 90.0 MPH)
|
Top of the 8th over - 0 runs, 2 hits, 0 errors, 3 left on base; Montreal 3 - Dallas 4 |
BOTTOM OF THE 8TH |
Dallas Drillers batting - Pitching for Montreal Exports : RHP Brad Zook
|
Now at 1B: Dimitri Mallard
|
|
Now at 3B: Henry Miller
|
|
Batting: LHB Troy Peek
|
0-0: Ball 1-0: Ball 2-0: Foul Ball, location: 2F 2-1: Fly out, F6 (Flyball, 56D, EV 91.2 MPH)
|
Batting: RHB Latif Won
|
0-0: Foul Ball, location: 2F 0-1: Ball 1-1: Foul Ball, location: 2F 1-2: DOUBLE (Line Drive, 9LS, EV 90.0 MPH)
|
Batting: RHB Walt Dutro
|
0-0: Ball 1-0: Foul Ball, location: 2F 1-1: Foul Ball, location: 2F 1-2: SINGLE (Groundball, 25, EV 68.8 MPH) (infield hit) Latif Won to third
|
Batting: RHB Hayden Cornett
|
0-0: Called Strike 0-1: Ball 1-1: Ball Walt Dutro is caught stealing 2nd base 2-4 2-1: Ball 3-1: Swinging Strike 3-2: Base on Balls
|
Batting: LHB Erik Dockery
|
0-0: Called Strike 0-1: 3-RUN HOME RUN (Flyball, 7D, EV 94.4 MPH), Distance : 349 ft
|
Pitching: RHP Eddie Kelly
|
|
Batting: LHB Damon Casebier
|
0-0: Called Strike 0-1: Called Strike 0-2: Ball 1-2: Strikes out looking
|
Bottom of the 8th over - 3 runs, 3 hits, 0 errors, 0 left on base; Montreal 3 - Dallas 7 |
TOP OF THE 9TH |
Montreal Exports batting - Pitching for Dallas Drillers : RHP Jesse Bednarz
|
Batting: LHB Teddy Burch
|
0-0: Swinging Strike 0-1: Called Strike 0-2: Foul Ball, location: 2F 0-2: Strikes out swinging wild pitch, reaches first!
|
Batting: RHB Andy Christman
|
0-0: Foul Ball, location: 2F 0-1: Swinging Strike 0-2: Ball 1-2: Grounds into double play, 6-4-3 (Groundball, 6MD, EV 87.5 MPH)
|
Batting: RHB Henry Miller
|
0-0: Foul Ball, location: 2F 0-1: Foul Ball, location: 2F 0-2: Foul Ball, location: 2F 0-2: Foul Ball, location: 2F 0-2: Ball 1-2: Ball 2-2: Strikes out swinging
|
Top of the 9th over - 0 runs, 0 hits, 0 errors, 0 left on base; Montreal 3 - Dallas 7 |
|